 Dungeon Crawl Stone Soup version 0.30.0-29-ga12c61a403 (webtiles) character file.

Game seed: 5778635415100278491

22 BONEBRO the Slasher (level 2, -1/22 HPs)
             Began as a Merfolk Gladiator on June 25, 2023.
             Succumbed to an adder's poison
             ... on level 2 of the Dungeon.
             The game lasted 00:01:24 (1170 turns).

BONEBRO the Slasher (Merfolk Gladiator)             Turns: 1170, Time: 00:01:24

Health: -1/22      AC:  4    Str: 14    XL:     2   Next: 91%
Magic:  2/2        EV: 13    Int:  7    God:
Gold:   91         SH:  0    Dex: 15    Spells: 1/1 levels left

rFire   . . .        a - +0 long sword
rCold   . . .        (no shield)
rNeg    + . .        b - +0 leather armour
rPois   .            c - +0 helmet
rElec   .            (no cloak)
rCorr   .            (no gloves)
SInv    .            (no boots)
Will    .....        (no amulet)
Stlth   +            h - ring of positive energy
HPRegen 0.23/turn    (no ring)
MPRegen 0.08/turn

%: no passive effects
@: mighty, brilliant, lethally poisoned (-1 -> -7)
A: (nimble swimmer 2), mertail
a: no special abilities


You were on level 2 of the Dungeon.
You visited 1 branch of the dungeon, and saw 2 of its levels.

You collected 91 gold pieces.

Inventory:

Hand Weapons
 a - a +0 long sword (weapon)
Missiles
 d - 3 throwing nets (quivered)
 e - a javelin
Armour
 b - a +0 leather armour (worn)
 c - a +0 helmet (worn)
Jewellery
 h - a ring of positive energy (left hand)
Scrolls
 g - 3 scrolls of immolation {unknown}
 k - 2 scrolls of identify {unknown}
 n - a scroll of enchant armour {unknown}
 o - a scroll of magic mapping {unknown}
 p - a scroll of silence {unknown}
 q - a scroll of fog {unknown}
 r - a scroll of vulnerability {unknown}
 s - a scroll of teleportation {unknown}
Potions
 f - 2 potions of brilliance
 i - a potion of mutation {unknown}
 j - 2 potions of lignification {unknown}
 l - a potion of resistance {unknown}
 m - 2 potions of might
 t - a potion of magic {unknown}


   Skills:
 - Level 2.1 Fighting
 + Level 4.9 Long Blades
 - Level 2.0 Throwing
 - Level 4.0 Dodging


You had one spell level left.
You didn't know any spells.
Your spell library contained the following spells:

 Spells                   Type           Power      Damage    Failure   Level
 Portal Projectile        Hex/Tloc       0%         N/A       87%         3
 Tukima's Dance           Hex            0%         N/A       87%         3
 Blade Hands              Tmut           0%         N/A       100%        5


Dungeon Overview and Level Annotations

Branches:
Dungeon (2/15)

Altars:


Innate Abilities, Weirdness & Mutations

((You are very nimble when in or above water. (Stealth+, EV+, Speed+++)))
Your lower body shifts to a powerful aquatic tail in water.


Message History

The hobgoblin closely misses you.
You hit the hobgoblin.
You kill the hobgoblin!
No target in view!
s - a scroll labelled BUMORA LUECH
Found 4 stones.
You now have 91 gold pieces (gained 7).
There is a stone staircase leading down here.
t - a murky cyan potion An adder comes into view.
Found a glowing sling.
The adder hisses angrily.
You hear an angry hiss.
An adder comes into view.
The adder barely misses you.
You closely miss the adder. The adder bites you.
You miss the adder. The adder bites you but does no damage.
The adder closely misses you. The adder bites you. The adder barely misses you.
You closely miss the adder. The adder bites you but does no damage.
The adder closely misses you.
You miss the adder.
The adder closely misses you. x2; The adder bites you.
You closely miss the adder. The adder bites you.
You are poisoned.
The adder poisons you! The adder closely misses you. The adder bites you.
You are too injured to fight recklessly!
You are too injured to fight recklessly!
You feel sick. The adder bites you but does no damage. The adder bites you.
You are lethally poisoned!
The adder poisons you! The adder attacks as you move away! The adder bites you.
* * * LOW HITPOINT WARNING * * *
x2 You feel sick.
The adder misses you.
Okay, then.
It was a potion of might.
You feel very mighty all of a sudden.
* * * LOW HITPOINT WARNING * * *
You feel sick. The adder bites you but does no damage.
Okay, then.
It was a potion of brilliance.
You feel clever all of a sudden.
You die...

.#######..# ...#####.##
.#..##...# ...>...#.#
.....###.#
.....##..#######
...............# .#
......#.#......####...#
##########..#..+@.....#
#####.S###.### #..##
.....# .......#
......... ###).....
##.#... ####..#


You could see an adder.

Vanquished Creatures
  A worm (D:2)
  2 endoplasms
  A giant cockroach (D:1)
  A goblin (D:1)
  2 hobgoblins
  2 kobolds (D:1)
  2 quokkas (D:2)
  3 ball pythons
  2 bats (D:1)
  A frilled lizard (D:1)
  A rat (D:1)
18 creatures vanquished.

Notes
Turn   | Place    | Note
-------+----------+-------------------------------------------
     0 | D:1      | BONEBRO the Merfolk Gladiator began the quest for the Orb.
     0 | D:1      | Reached XP level 1. HP: 16/16 MP: 1/1
   276 | D:1      | Reached XP level 2. HP: 22/22 MP: 2/2
  1169 | D:2      | HP: 1/22 [poisoned by an adder]
  1170 | D:2      | Succumbed to an adder's poison

Illustrated notes

Levels and vault maps discovered:
D:1:      minmay_arrival_diagonal_passages, layout_basic, st_stairs_5
D:2:      layout_basic, nicolae_half_adder

Skill      XL: |  1 |
---------------+----+-----
Long Blades    | 4 |  4.9
Fighting       | |  2.1
Throwing       | |  2.0
Dodging        | |  4.0

Action                     || total
---------------------------++-------
  Melee: Long sword        ||    52
    Use: Potion            ||     2
   Stab: Sleeping          ||     3
 Armour: Leather armour    ||    19
  Dodge: Dodged            ||    39
